AoeStats
← zYaubolz

Arena

508321788Analyzed
4v4 RM · 11d ago on Sep 21, 2026· 33m 34s· 8 players
Game mode
Random Map
Map size
Large (8 player)
Population
200
Speed
Normal
Resources
Standard
Victory
Conquest
Starting age
Dark Age
Ending age
Imperial Age
RankedLock teamsTeams togetherTeam positionsShared explorationLock speedFull tech treeHidden civsTurbo modeCheats
Victory
Defeat
🇩🇪 Hindustanis · Germany
933
+14
🇺🇸 Italians · United States
914
+15
🇫🇷 Turks · France
881
+16
🇹🇼 Slavs · Taiwan
879
+16
🇺🇸 Spanish · United States
940
-18
🇺🇸 Gurjaras · United States
906
-16
🇺🇸 Slavs · United States
850
-14
🇺🇸 Bohemians · United States
840
-13
zYaubolz
11:09 Feudal Age
15:47 Castle Age
14:00 Double-Bit Axe
14:19 Horse Collar
16:28 Wheelbarrow
17:24 Fervor
22:45 Loom
26:37 Hand Cart
29:04 Imperial Age
27:04 Ballistics
27:13 Fletching
28:59 Bodkin Arrow
30:45 Chemistry
30:09 Bracer
31:14 Conscription
31:04 Squires
30:52 Arson
33:25 Forging
33:15 Scale Mail Armor
33:47 Bow Saw
francis le tueur
13:04 Feudal Age
14:40 Double-Bit Axe
14:37 Horse Collar
14:49 Gold Mining
15:36 Wheelbarrow
18:40 Castle Age
23:23 Imperial Age
21:40 Padded Archer Armor
22:55 Leather Archer Armor
24:36 Ring Archer Armor
Wurzelsepp
11:29 Feudal Age
15:39 Castle Age
13:51 Double-Bit Axe
13:53 Horse Collar
15:31 Scale Barding Armor
15:56 Loom
17:15 Bow Saw
19:56 Wheelbarrow
21:29 Heavy Plow
22:11 Town Watch
23:04 Forging
24:08 Hand Cart
24:12 Stone Mining
26:16 Gold Mining
30:04 Imperial Age
27:58 Chain Barding Armor
28:06 Grand Trunk Road
28:46 Gold Shaft Mining
28:18 Husbandry
29:48 Fortified Wall
30:17 Iron Casting
29:54 Bloodlines
31:48 Two-Man Saw
30:13 Heavy Camel Rider
31:34 Plate Barding Armor
32:31 Blast Furnace
31:21 Light Cavalry
32:38 Conscription
32:21 Scale Mail Armor
33:12 Stone Shaft Mining
35:09 Chemistry
34:20 Masonry
Sagittal
11:01 Feudal Age
15:28 Castle Age
13:50 Double-Bit Axe
14:01 Horse Collar
14:44 Gold Mining
16:50 Bow Saw
16:55 Heavy Plow
17:42 Gold Shaft Mining
17:52 Stone Mining
22:49 Wheelbarrow
24:39 Stone Mining
29:49 Imperial Age
27:52 Forging
27:43 Scale Mail Armor
27:52 Squires
29:24 Coinage
28:42 Pikeman
30:30 Iron Casting
30:01 Scale Barding Armor
30:15 Chain Mail Armor
32:01 Banking
32:51 Plate Mail Armor
32:26 Druzhina
33:29 Blast Furnace
33:01 Halberdier
CuddlingPenguin
11:55 Feudal Age
15:59 Castle Age
15:23 Double-Bit Axe
15:19 Horse Collar
19:14 Loom
19:37 Heavy Plow
19:50 Bow Saw
21:54 Fletching
22:05 Padded Archer Armor
23:17 Bodkin Arrow
23:38 Leather Archer Armor
25:31 Wheelbarrow
24:43 Town Watch
25:41 Gold Mining
25:43 Stone Mining
29:36 Hand Cart
29:22 Town Patrol
31:09 Ballistics
32:00 Bloodlines
31:51 Husbandry
KaiserDER
11:52 Feudal Age
16:52 Castle Age
14:46 Loom
16:00 Double-Bit Axe
15:58 Horse Collar
16:19 Gold Mining
17:49 Wheelbarrow
22:58 Bow Saw
24:04 Hand Cart
25:33 Fortified Wall
28:57 Imperial Age
26:35 Heavy Plow
27:52 Scale Barding Armor
28:00 Forging
27:54 Husbandry
28:15 Bloodlines
28:36 Squires
29:42 Gold Shaft Mining
33:07 Siege Engineers
Dilldozer101
11:54 Feudal Age
15:38 Castle Age
13:34 Horse Collar
14:22 Double-Bit Axe
21:49 Ballistics
24:57 Chemistry
24:47 Fletching
24:59 Padded Archer Armor
25:17 Bow Saw
27:41 Wheelbarrow
28:11 Heavy Plow
27:38 Elite Skirmisher
29:33 Bodkin Arrow
29:54 Leather Archer Armor
33:04 Imperial Age
30:51 Hand Cart
33:29 Loom
Hippochamp511
11:18 Feudal Age
14:59 Castle Age
13:06 Double-Bit Axe
13:16 Horse Collar
16:35 Wheelbarrow
16:22 Bow Saw
17:31 Wheelbarrow
21:52 Town Watch
22:27 Hand Cart
22:23 Gold Mining
25:16 Stone Mining
29:32 Imperial Age
26:54 Stone Mining
27:11 Scale Barding Armor
27:17 Forging
27:03 Loom
27:22 Town Patrol
27:30 Heavy Plow
28:13 Chain Barding Armor
29:42 Stone Shaft Mining
29:51 Iron Casting
30:12 Fortified Wall
30:27 Bloodlines
30:17 Husbandry
29:50 Cavalier
31:21 Plate Barding Armor
32:04 Chemistry
32:09 Blast Furnace
32:44 Two-Man Saw
31:54 Elite Conquistador
32:54 Conscription
33:34 Supremacy
33:41 Ballistics
Connection lost

Rejoining the realm…

Still unreachable

The connection could not be restored.

Session expired

The server has moved on; the page needs a fresh start.